 Dungeon Crawl Stone Soup version 0.29-a0-283-ga02f740833 (webtiles) character file.

Game seed: 4223198417575282871

93 Dabor the Skirmisher (level 4, 0/37 HPs)
             Began as a Formicid Abyssal Knight on Mar 13, 2022.
             Was a Believer of Lugonu.
             Slain by an ice beast (2 damage)
             ... on level 3 of the Dungeon.
             The game lasted 00:03:34 (3443 turns).

Dabor the Skirmisher (Formicid Abyssal Knight)      Turns: 3443, Time: 00:03:35

Health: 0/37       AC:  9    Str: 19    XL:     4   Next: 92%
Magic:  2/6        EV:  7    Int: 10    God:    Lugonu [**....]
Gold:   142        SH:  0    Dex: 11    Spells: 3/3 levels left

rFire   . . .      SeeInvis +   a - +1 spear (venom)
rCold   . . .      Faith    .   (no shield)
rNeg    + . .      Spirit   .   h - +0 chain mail
rPois   .          Reflect  .   (helmet unavailable)
rElec   .          Harm     .   l - scarf {shadows}
rCorr   .          Rampage  .   (no gloves)
Will    .....                   (no boots)
Stlth   ..........              (no amulet)
HPRegen 0.12/turn               m - ring of positive energy
MPRegen 0.10/turn               (no ring)

@: no status effects
A: permanent stasis, dig shafts and tunnels, antennae 3, four strong arms
a: Dig, Shaft Self, Renounce Religion, Depart the Abyss, Bend Space


You were on level 3 of the Dungeon.
You worshipped Lugonu.
Lugonu was pleased with you.
You visited 1 branch of the dungeon, and saw 3 of its levels.
You visited the Abyss 1 time.

You collected 142 gold pieces.

Inventory:

Hand Weapons
 a - a +1 spear of venom (weapon)
Missiles
 g - 2 throwing nets
 i - 7 poisoned darts (quivered)
Armour
 b - a +0 leather armour
 h - a +0 chain mail (worn)
 l - a scarf of shadows (worn)
Jewellery
 m - a ring of positive energy (left hand)
Scrolls
 c - a scroll of brand weapon
 d - a scroll of amnesia {unknown}
 e - a scroll of teleportation {unknown}
 f - a scroll of blinking {unknown}
 k - 2 scrolls of fear {unknown}
 n - 2 scrolls of identify {unknown}
 q - a scroll of fog {unknown}
 s - a scroll of noise {unknown}
Potions
 j - a potion of invisibility {unknown}
 o - a potion of heal wounds {unknown}
 p - a potion of degeneration {unknown}
 r - 2 potions of mutation {unknown}


   Skills:
 + Level 3.8 Fighting
 + Level 2.6 Polearms
 + Level 2.9 Armour
 + Level 1.6 Dodging
 + Level 1.1 Stealth
 + Level 3.1 Invocations


You had 3 spell levels left.
You didn't know any spells.
Your spell library contained the following spells:

 Spells                   Type           Power      Damage    Failure   Level
 Stone Arrow              Conj/Erth      0%         3d7       100%        3
 Animate Armour           Summ/Erth      0%         N/A       100%        4
 Lehudib's Crystal Spear  Conj/Erth      0%         10d2      100%        8


Dungeon Overview and Level Annotations

Branches:
Dungeon (3/15)

Altars:

Annotations:
D:1 1 runed translucent door


Innate Abilities, Weirdness & Mutations

You cannot be hasted, slowed, berserked, paralysed or teleported.
You can dig through walls and to a lower floor.
You have a pair of large antennae on your head. (SInv)
Your four strong arms can wield two-handed weapons with a shield.


Message History

The ice beast hits you but does no damage.
Space bends around you!
You blink.
Throw: 9 darts (poison)
Press: ? - help, Q - select action, (/) - cycle Shift-Dir - straight line, f/p - ice beast
Aim: an ice beast (translocational energy, heavily wounded, 56% to hit)
You throw a poisoned dart.
The poisoned dart closely misses the ice beast.
Reach: a) +1 spear
Press: ? - help, Dir - move target, f/p - ice beast
Aim: an ice beast (heavily wounded, about 38% to evade your +1 spear)
You reach to attack!
You barely miss the ice beast.
The ice beast is heavily wounded.
Space bends around you!
You blink.
Throw: 8 darts (poison)
Press: ? - help, Q - select action, (/) - cycle Shift-Dir - straight line, f/p - ice beast
Aim: an ice beast (heavily wounded, 56% to hit)
You throw a poisoned dart. The poisoned dart hits the ice beast.
The ice beast is heavily wounded.
Reach: a) +1 spear
Press: ? - help, Dir - move target, f/p - ice beast
Aim: an ice beast (heavily wounded, about 38% to evade your +1 spear)
You reach to attack!
You hit the ice beast.
The ice beast is severely wounded.
Space bends around you!
You blink.
The ice beast hits you but does no damage.
Space bends around you!
You blink.
The ice beast hits you. The ice beast freezes you!
* * * LOW HITPOINT WARNING * * *
Space bends around you!
You blink.
Okay, then.
Okay, then.
Okay, then.
Okay, then.
Okay, then.
As you read the scroll labelled BEX SUANGAFUW, it crumbles to dust.
It is a scroll of brand weapon.
Your +1 spear drips with poison.
a - a +1 spear of venom (weapon)
The ice beast hits you.
You die...

#.#.##.##.#
#.#.##.##.#
#.#.##.†..#
#.#.#######
#.#.####
#.#..§.#
#.####.# #
#Y#
#.#.####@#
#....(...#
#..#######
#


You could see an ice beast.

Vanquished Creatures
  A gnoll (D:1)
  2 adders
  A worm (D:3)
  A dart slug (D:1)
  An orc (D:2)
  12 endoplasms
  5 giant cockroaches
  A goblin (D:1)
  6 hobgoblins
  2 jackals (D:3)
  4 quokkas
  4 ball pythons
  3 bats
  6 frilled lizards
  2 kobolds
  4 rats
55 creatures vanquished.

Notes
Turn   | Place    | Note
-------+----------+-------------------------------------------
     0 | Abyss:1  | Dabor the Formicid Abyssal Knight began the quest for the
                  | Orb.
     0 | Abyss:1  | Reached XP level 1. HP: 18/18 MP: 2/2
    92 | Abyss:1  | Noticed a rust devil
    93 | D:1      | Escaped the Abyss
    96 | D:1      | Noticed a jelly
    97 | D:1      | Found a runed translucent door.
   234 | D:1      | Reached skill level 1 in Dodging
   325 | D:1      | Reached XP level 2. HP: 19/24 MP: 3/3
   496 | D:1      | Reached ** piety under Lugonu
   987 | D:1      | Reached XP level 3. HP: 29/29 MP: 4/4
  1362 | D:1      | Found a faded altar of an unknown god.
  2125 | D:2      | Reached XP level 4. HP: 37/37 MP: 6/6
  2967 | D:3      | Reached skill level 1 in Stealth
  3411 | D:3      | Noticed an ice beast
  3443 | D:3      | Slain by an ice beast

Illustrated notes

Levels and vault maps discovered:
D:1:      dpeg_arrival_caged_fury, layout_loops_corners,
          dreamdust_ecumenical_altar_angels_and_demons, minmay_vboxes
D:2:      layout_basic
D:3:      layout_rooms, serial_co_window_serial, co_window_paths_a,
          co_window_paths_a, co_window_paths_a, co_window_of_opportunity_a,
          co_window_corner_a, co_window_corner_b, co_window_broadway_b,
          co_window_broadway_b, co_window_unsneaky_path_d, co_window_4corner_b,
          co_window_paths_e, glass_columns_b, glass_columns_a

Skill      XL: |  1  2  3  4 |
---------------+-------------+-----
Dodging        | 1 |  1.6
Invocations    | 3 |  3.1
Stealth        | 1 |  1.1
Fighting       | |  3.8
Polearms       | |  2.6
Armour         | |  2.9

Action                   |  1- 3 |  4- 6 || total
-------------------------+-------+-------++-------
Melee: Spear             |   113 |    83 ||   196
Throw: Dart              |       |     2 ||     2
Invok: Depart the Abyss  |     1 |       ||     1
       Bend Space        |       |     5 ||     5
  Use: Scroll            |       |     1 ||     1
Armor: Leather armour    |    15 |       ||    15
       Chain mail        |    17 |    31 ||    48
Dodge: Dodged            |    36 |    17 ||    53

Table legend: (Time is in decaauts)
 A = Elapsed time spent in this place.
 B = Non-inter-level travel time spent in this place.
 C = Inter-level travel time spent in this place.
 D = Time resting spent in this place.
 E = Time spent auto-exploring this place.
 F = Levels seen in this place.
 G = Mean time per level.
                   A        B        C        D        E       F      G
               +--------+--------+--------+--------+--------+-----+--------+
         Total |   3439 |   3311 |    128 |    490 |   2378 |   4 |  859.8 |
       Dungeon |   3346 |   3218 |    128 |    490 |   2289 |   3 | 1115.3 |
         Abyss |     93 |     93 |      0 |      0 |     89 |   1 |   93.0 |
               +--------+--------+--------+--------+--------+-----+--------+

Top non-repeatable levels by time:
     D:1: 1670 daAuts
     D:3: 845 daAuts
     D:2: 831 daAuts
 Abyss:1: 93 daAuts
